 Dungeon Crawl Stone Soup version 0.19.3 (webtiles) character file.

79 nono the Ducker (level 4, 0/39 HPs)
             Began as a Halfling Assassin on Jan 23, 2017.
             Was an Initiate of Hepliaklqana.
             Succumbed to an orc wizard's poison
             ... on level 3 of the Dungeon.
             The game lasted 00:04:08 (1619 turns).

nono the Ducker (Halfling Assassin)                 Turns: 1619, Time: 00:04:09

Health: 0/39       AC: 22    Str: 18    XL:     4   Next: 64%
Magic:  4/4        EV:  3    Int:  9    God:    Hepliaklqana [......]
Gold:   153        SH:  0    Dex: 15    Spells: 0 memorised, 3 levels left

rFire  . . .     SeeInvis .     j - +0 short sword (speed)
rCold  . . .     Gourm    .     (armour currently unavailable)
rNeg   + + +     Faith    .     (shield restricted)
rPois  +         Spirit   .     (helmet currently unavailable)
rElec  .         Reflect  .     (cloak currently unavailable)
rCorr  .         Harm     .     (gloves currently unavailable)
MR     .....     NoTele   +     (boots currently unavailable)
Stlth  +++.......               (no amulet)
                                (no ring)
                                (no ring)

@: mighty, lethally poisoned (0 -> -36), tree-form
A: reduced essence, mutation resistance 1
a: Recall Ancestor, Ancestor Identity, Renounce Religion


You were on level 3 of the Dungeon.
You worshipped Hepliaklqana.
Hepliaklqana was noncommittal.
You were not hungry.
You were a tree.
You visited 1 branch of the dungeon, and saw 3 of its levels.

You collected 153 gold pieces.

Inventory:

Hand Weapons
 a - a +2 dagger
 b - a +0 blowgun
 j - a +0 short sword of speed (weapon)
 o - a +0 dagger of protection
Missiles
 e - 8 poisoned needles
 f - 2 curare-tipped needles
Armour
 c - a +0 robe
 d - a +0 cloak (melded)
 s - a +0 leather armour (melded)
Jewellery
 n - an uncursed ring of ice
Scrolls
 i - a scroll of amnesia {unknown}
 l - a scroll of remove curse {unknown}
 q - a scroll of recharging {unknown}
 t - 3 scrolls of identify {unknown}
 u - a scroll of enchant armour {unknown}
 v - a scroll of enchant weapon {unknown}
 y - a scroll of immolation {unknown}
 z - a scroll of teleportation {unknown}
Potions
 m - a potion of flight {unknown}
 p - a potion of curing {unknown}
 r - a potion of degeneration {unknown}
Comestibles
 g - 5 bread rations
 h - a royal jelly


   Skills:
 - Level 1.7 Fighting
 - Level 2.4 Short Blades
 - Level 2.0 Throwing
 + Level 4.4 Dodging
 - Level 4.3 Stealth


You had 3 spell levels left.
You didn't know any spells.

Dungeon Overview and Level Annotations

Branches:
Dungeon (3/15)

Altars:
Hepliaklqana
Nemelex Xobeh
Sif Muna


Innate Abilities, Weirdness & Mutations

You are small and have problems with some larger weapons.
You are somewhat resistant to further mutation.
Your life essence is reduced. (-10% HP)


Message History

You hit the orc but do no damage.
The orc is heavily wounded.
You feel sick.
The orc hits Edmée with a dagger.
Edmée closely misses the orc.
The orc wizard hits you with a dagger of venom.
* * * LOW HITPOINT WARNING * * *
You are more poisoned.
The orc closely misses you.
It was a potion of might.
You feel very mighty all of a sudden.
* * * LOW HITPOINT WARNING * * *
You feel sick. The orc wizard misses you.
Edmée hits the orc.
The orc dies!
The orc wizard hits you with a dagger of venom.
* * * LOW HITPOINT WARNING * * *
You are more poisoned.
It was a potion of lignification.
You turn into a tree.
Your +0 cloak melds into your body.
Your +0 leather armour melds into your body.
Your roots penetrate the ground.
You die...

# #. #. ####
#.#### #...
#..o♣# ..#
####o##.#
#o#..#
#######)..#
.......R<.#
........#.#
........#...
.......)#.$##
...........#


You could see the friendly Edmée the ancestor, an orc wizard and 2 orcs.

Vanquished Creatures
  An adder (D:2)
  3 worms
  2 dart slugs (D:2)
  A leopard gecko (D:1)
  2 giant cockroaches (D:2)
  7 goblins
  5 hobgoblins
  4 jackals (D:1)
  A quokka (D:3)
  5 bats
  5 frilled lizards
  7 kobolds
  10 rats
53 creatures vanquished.

Vanquished Creatures (collateral kills)
  2 orcs (D:3)
  A goblin (D:2)
3 creatures vanquished.

Grand Total: 56 creatures vanquished

Notes
Turn   | Place    | Note
-------+----------+-------------------------------------------
     0 | D:1      | nono the Halfling Assassin began the quest for the Orb.
     0 | D:1      | Reached XP level 1. HP: 14/14 MP: 1/1
    40 | D:1      | Reached XP level 2. HP: 7/19 MP: 2/2
   510 | D:1      | Reached XP level 3. HP: 20/24 MP: 3/3
  1134 | D:2      | Found a deep blue altar of Sif Muna.
  1157 | D:2      | Found a sparkling altar of Nemelex Xobeh.
  1173 | D:2      | Reached XP level 4. HP: 29/29 MP: 4/4
  1304 | D:2      | Found a hazy altar of Hepliaklqana.
  1315 | D:2      | Became a worshipper of Hepliaklqana the Forgotten
  1619 | D:3      | Succumbed to an orc wizard's poison

Skill      XL: |  1  2  3  4 |
---------------+-------------+-----
Dodging        | 2 3 4 |  4.4
Fighting       | |  1.7
Short Blades   | |  2.4
Throwing       | |  2.0
Stealth        | |  4.3

Action                   |  1- 3 |  4- 6 || total
-------------------------+-------+-------++-------
Melee: Dagger            |    26 |       ||    26
       Short sword       |    99 |    60 ||   159
  Use: Potion            |       |     2 ||     2
 Stab: Sleeping          |     8 |     3 ||    11
  Eat: Chunk             |     1 |     1 ||     2
Armor: Robe              |     6 |       ||     6
       Leather armour    |     6 |     8 ||    14
Dodge: Dodged            |    83 |    45 ||   128
